 Dungeon Crawl Stone Soup version 0.21.0-24-g2553a33 (webtiles) character file.

9964 SedStubbie the Thaumaturge (level 11, -8/68 HPs)
             Began as a Mummy Fire Elementalist on Jan 21, 2018.
             Was an Initiate of Gozag.
             Shot with an arrow by a centaur warrior (18 damage)
             ... on level 13 of the Dungeon.
             The game lasted 01:09:42 (14571 turns).

SedStubbie the Thaumaturge (MuFE)                  Turns: 14571, Time: 01:09:43

Health: -8/68      AC:  5    Str: 12    XL:     11   Next: 30%
Magic:  21/34      EV: 18    Int: 17    God:    Gozag
Gold:   1424       SH: 10    Dex: 21    Spells: 25/31 levels left

rFire    + . .     SeeInvis .   s - +10 short sword of Abeoc {venom, Dex+8}
rCold    + + .     Gourm    .   r - +1 buckler
rNeg     + + +     Faith    .   x - +2 robe {rC+}
rPois    ∞         Spirit   .   (no helmet)
rElec    .         Reflect  +   u - scarf {rC+ rF+}
rCorr    .         Harm     .   (no gloves)
MR       +....                  w - +0 pair of boots
Stlth    ++........             g - +3 amulet of reflection
HPRegen  0.21/turn              c - ring of magical power
MPRegen  0.24/turn              d - ring of fire

@: gold aura
A: no food or potions, fire vulnerability, cold resistance 1, negative energy
resistance 3, torment resistance, unbreathing
a: Potion Petition, Call Merchant, Bribe Branch, Renounce Religion


You were on level 13 of the Dungeon.
You worshipped Gozag.
Gozag was most pleased with you.
You were not hungry.

You visited 1 branch of the dungeon, and saw 13 of its levels.
You also visited: Labyrinth.

You collected 1794 gold pieces.
You spent 250 gold pieces at shops.
You paid 120 gold pieces to Gozag.

Inventory:

Hand Weapons
 e - a +2 dagger of electrocution
 s - the +10 short sword of Abeoc (weapon) {venom, Dex+8}
   (You bought it in a shop on level 7 of the Dungeon)

   It poisons the flesh of those it strikes.
   It affects your dexterity (+8).
 t - the +1 hand axe "Demonbane" {vamp, MR+ Int-5 Dex+2}
   (You found it on level 7 of the Dungeon)

   It inflicts no extra harm, but heals its wielder when it wounds a living foe.
   It affects your intelligence (-5).
   It affects your dexterity (+2).
   It affects your resistance to hostile enchantments.
Armour
 a - a +0 robe
 r - a +1 buckler (worn)
 u - a scarf of resistance (worn)
 w - a +0 pair of boots (worn)
 x - a +2 robe of cold resistance (worn)
Jewellery
 c - a ring of magical power (left hand)
 d - a ring of fire (right hand)
 g - a +3 amulet of reflection (around neck)
 v - an uncursed ring of fire
 y - an uncursed ring of stealth
 z - a +3 ring of intelligence
Wands
 h - a wand of digging (5)
 i - a wand of flame (22)
 k - a wand of clouds (2)
 m - a wand of acid (6)
 o - a wand of polymorph (7)
Scrolls
 f - 6 scrolls of identify
 j - a scroll of remove curse
 l - 2 scrolls of fog
 n - a scroll of torment
 q - a scroll of teleportation
Books
 b - a book of Flames

   Spells                             Type                      Level
   a - Flame Tongue                   Conjuration/Fire             1
   b - Throw Flame                    Conjuration/Fire             2
   c - Conjure Flame                  Conjuration/Fire             3
   d - Inner Flame                    Hexes/Fire                   3
   e - Sticky Flame                   Conjuration/Fire             4
   f - Fireball                       Conjuration/Fire             5
 p - a book of Dreams

   Spells                             Type                      Level
   a - Ensorcelled Hibernation        Hexes/Ice                    2
   b - Borgnjor's Vile Clutch         Necromancy/Earth             5
   c - Silence                        Hexes/Air                    5
   d - Darkness                       Hexes                        6
   e - Shadow Creatures               Summoning                    6


   Skills:
 + Level 7.4 Dodging
 - Level 1.5 Stealth
 - Level 4.0 Shields
 + Level 10.5 Spellcasting
 + Level 7.2 Conjurations
 + Level 7.6 Fire Magic


You had 25 spell levels left.
You knew the following spells:

 Your Spells              Type           Power        Failure   Level  Hunger
a - Flame Tongue          Conj/Fire      #####        1%          1    N/A
b - Throw Flame           Conj/Fire      ######       1%          2    N/A
c - Conjure Flame         Conj/Fire      ######..     1%          3    N/A

Dungeon Overview and Level Annotations

Branches:
Dungeon (13/15)              Lair (0/6) D:10            Orc (0/2) D:9
 Temple: D:4-7       Vaults: D:13-14

Altars:
Ashenzari
Gozag
Makhleb
Okawaru
Ru
Sif Muna
Yredelemnul
Zin

Shops:
D:7 *   D:13 (

Portals:
Trove: D:10 (show slimy rune of Zot)

Annotations:
D:3 Daviar's ghost, amateur OpAK
D:4 Dowan; Duvessa; Menkaure


Innate Abilities, Weirdness & Mutations

You do not eat or drink.
Your flesh is vulnerable to fire.
You are immune to poison.
Your flesh is cold resistant. (rC+)
You are immune to negative energy. (rN+++)
You are immune to unholy pain and torment.
You can survive without breathing.


Message History

The orc wizard is heavily wounded.
The centaur warrior shouts!
The centaur warrior wields a shortbow.
The centaur warrior shoots an arrow.
The arrow hits you!!
You hear an angry buzzing noise.
Casting: Flame Tongue
Confirm with . or Enter, or press ? or * to list all spells.
Okay, then.
Unknown command.
The orc wizard is distracted by your gold.
The centaur warrior shoots an arrow.
The arrow hits you!!
* * * LOW HITPOINT WARNING * * *
The orc wizard shouts!
You see here an arrow.
As you read the scroll of fog, it crumbles to dust.
The scroll dissolves into smoke.
The orc wizard is no longer distracted by gold.
The centaur warrior shoots an arrow.
The arrow hits you!!
You die...
Your body crumbles into a pile of gold.

*######*
##########################......,
................................,
..........#...........)#.#.....,,
#########.#............#.#,,...,,
#########.#............#.#****#**
...........o...§§§§....#.# *,,,,
#########.#c...§@§∩.<..#.# *,,,,
# #.#....§§§..[..#.# *,,,, ####
#.#...§..§§....#!# *,,,, ...#
#.#............#.# *,,,, ##.#
#.#............#.# *,,,, ...#
#.####.#########.# *,,,, #### #c#
#..* #.######## #.# ##.*
#........# #.# *,** #..#####.#


You could see a centaur warrior and an orc wizard.

Vanquished Creatures
  A minotaur (Lab)
  A catoblepas (D:10)
  2 two-headed ogres
  Pikel (D:8)
  An ugly thing (D:11)
  Psyche (D:8)
  A centaur skeleton (D:13)
  A troll (D:10)
  A hornet (D:7)
  A hippogriff (D:11)
  A yak (D:5)
  A spriggan (D:10)
  A wyvern (D:13)
  2 steam dragons (D:10)
  A soldier ant (D:11)
  5 orc warriors
  2 ice beasts (D:10)
  4 slaves (D:8)
  3 black bears
  A sky beast (D:5)
  A phantom (D:10)
  7 ogres
  A centaur (D:13)
  5 bullfrogs
  3 scorpions
  10 killer bees
  3 wights (D:10)
  3 howler monkeys (D:11)
  3 centaur zombies
  A bullfrog zombie (D:6)
  5 hounds
  2 orc priests (D:8)
  4 jellies
  5 orc wizards
  3 bullfrog skeletons
  2 iguanas
  5 worker ants
  Ijyb (D:3)
  3 hound zombies (D:6)
  2 hound skeletons
  2 worker ant zombies (D:6)
  A howler monkey skeleton (D:9)
  14 adders
  3 shadow imps
  An ooze (D:3)
  2 adder zombies
  An adder skeleton (D:6)
  3 worms (D:2)
  7 leopard geckos
  20 orcs
  3 ball pythons
  4 giant cockroaches
  7 goblins
  2 hobgoblins
  4 jackals
  6 quokkas
  5 bats
  6 frilled lizards
  A giant cockroach zombie (D:6)
  9 kobolds
  A leopard gecko skeleton (D:6)
  3 leopard gecko zombies
  A quokka skeleton (D:7)
  3 rats (D:3)
210 creatures vanquished.

Vanquished Creatures (collateral kills)
  A killer bee (D:13)
1 creature vanquished.

Vanquished Creatures (others)
  4 centaurs
4 creatures vanquished.

Grand Total: 215 creatures vanquished

Notes
Turn   | Place    | Note
-------+----------+-------------------------------------------
     0 | D:1      | SedStubbie the Mummy Fire Elementalist began the quest for the Orb.
     0 | D:1      | Reached XP level 1. HP: 13/13 MP: 4/4
   350 | D:1      | Reached skill level 1 in Conjurations
   497 | D:2      | Reached skill level 3 in Spellcasting
   497 | D:2      | Reached XP level 2. HP: 5/19 MP: 6/6
   967 | D:2      | Found a basalt altar of Yredelemnul.
  1006 | D:2      | Reached XP level 3. HP: 11/24 MP: 7/7
  1206 | D:2      | Learned a level 2 spell: Throw Flame
  1675 | D:2      | Found an iron altar of Okawaru.
  1847 | D:3      | Found a deep blue altar of Sif Muna.
  1854 | D:3      | Reached XP level 4. HP: 30/30 MP: 2/9
  2118 | D:3      | Noticed Daviar's ghost (amateur OpAK)
  2498 | D:3      | Noticed Ijyb
  2506 | D:3      | Killed Ijyb
  2700 | D:4      | Noticed Menkaure
  2708 | D:3      | Reached XP level 5. HP: 35/35 MP: 10/10
  2747 | D:4      | Noticed Duvessa
  2747 | D:4      | Noticed Dowan
  2800 | D:4      | Reached skill level 4 in Spellcasting
  2843 | D:5      | Entered Level 5 of the Dungeon
  2843 | D:5      | Noticed an ogre
  2850 | D:5      | Killed an ogre
  2947 | D:5      | Found an opulent altar of Gozag.
  2951 | D:5      | Noticed an ogre
  2962 | D:6      | Noticed an orc warrior
  3268 | D:5      | Became a worshipper of Gozag Ym Sagoz the Greedy
  3331 | D:5      | Reached XP level 6. HP: 39/41 MP: 8/12
  3427 | D:5      | Reached skill level 5 in Spellcasting
  3756 | D:5      | Reached XP level 7. HP: 46/46 MP: 14/14
  3794 | D:5      | Noticed a yak
  3805 | D:5      | Killed a yak
  5014 | D:7      | Reached skill level 6 in Spellcasting
  5038 | D:7      | Noticed a troll
  5254 | D:5      | Reached XP level 8. HP: 52/52 MP: 15/17
  5969 | D:6      | Reached skill level 5 in Fire Magic
  6211 | D:6      | Learned a level 3 spell: Conjure Flame
  6447 | D:7      | Noticed a black mamba
  6447 | D:7      | a troll changed into a black mamba
  6716 | D:7      | Found Juontei's Assorted Antiques.
  6722 | D:7      | Bought a buckler for 90 gold pieces
  6722 | D:7      | Bought an ichor-stained short sword for 160 gold pieces
  6722 | D:7      | Identified the +10 short sword of Abeoc {venom, Dex+8} (You bought it in a shop on level 7 of the Dungeon)
  6732 | D:7      | Got a crude hand axe
  6733 | D:7      | Identified the cursed +1 hand axe "Demonbane" {vamp, MR+ Int-5 Dex+2} (You found it on level 7 of the Dungeon)
  6885 | D:7      | Found a sacrificial altar of Ru.
  6915 | D:7      | Reached skill level 7 in Spellcasting
  6936 | D:7      | Noticed a hornet
  7114 | D:8      | Reached skill level 1 in Shields
  7155 | D:8      | Noticed Pikel
  7337 | D:8      | Reached skill level 5 in Dodging
  7446 | D:8      | Found a glowing silver altar of Zin.
  7490 | D:8      | Reached XP level 9. HP: 57/57 MP: 11/20
  7602 | D:8      | Killed Pikel
  7717 | D:8      | Reached skill level 5 in Conjurations
  7888 | D:8      | Noticed Psyche
  7904 | D:8      | Killed Psyche
  7904 | D:8      | Reached skill level 8 in Spellcasting
  8644 | D:9      | Found a staircase to the Orcish Mines.
  8765 | D:9      | Noticed a two-headed ogre
  8778 | D:9      | Killed a two-headed ogre
  8778 | D:9      | Reached XP level 10. HP: 63/63 MP: 11/22
  9300 | D:9      | Found a burning altar of Makhleb.
  9300 | D:9      | Noticed a green death
  9329 | D:10     | Entered Level 10 of the Dungeon
  9936 | D:10     | Found a staircase to the Lair.
  9938 | D:10     | Reached skill level 9 in Spellcasting
 10062 | D:10     | Found a portal to a secret trove of treasure.
 10854 | D:10     | Noticed a catoblepas
 10862 | D:10     | Killed a catoblepas
 11142 | D:11     | Noticed a brown ugly thing
 11154 | D:11     | Killed a brown ugly thing
 11220 | D:11     | Found a shattered altar of Ashenzari.
 11314 | D:11     | Reached skill level 10 in Spellcasting
 11620 | D:11     | Reached XP level 11. HP: 66/68 MP: 25/25
 11663 | D:11     | You fall through a shaft for 2 floors!
 11669 | D:13     | Found Helekifuwk's Weapon Shoppe.
 11694 | D:13     | Noticed a centaur warrior
 11699 | D:12     | Noticed a death knight
 11782 | D:13     | Found a labyrinth entrance.
 11782 | D:13     | Noticed a two-headed ogre
 11789 | D:13     | Killed a two-headed ogre
 11797 | Lab      | Entered a labyrinth
 14293 | Lab      | Noticed a minotaur
 14305 | Lab      | Killed a minotaur
 14571 | D:13     | Shot with an arrow by a centaur warrior

Skill      XL: |  1  2  3  4  5  6  7  8  9 10 11 |
---------------+----------------------------------+-----
Conjurations   | 1 2 3 4 5 6 7 |  7.2
Spellcasting   | 3 4 5 6 7 8 10 | 10.5
Dodging        | 2 3 4 5 6 7 |  7.4
Fire Magic     | 3 4 5 6 7 |  7.6
Shields        | 1 3 4 |  4.0
Stealth        | |  1.5

Action                   |  1- 3 |  4- 6 |  7- 9 | 10-12 || total
-------------------------+-------+-------+-------+-------++-------
Melee: Hand axe          |     1 |       |       |       ||     1
       Dagger            |     2 |    30 |     7 |       ||    39
       Short sword       |       |       |     6 |    28 ||    34
 Cast: Flame Tongue      |    53 |    47 |   185 |   199 ||   484
       Throw Flame       |    14 |    30 |   135 |    52 ||   231
       Conjure Flame     |       |       |     1 |    18 ||    19
Evoke: Wand              |       |       |     9 |    10 ||    19
  Use: Scroll            |     3 |     5 |    11 |     9 ||    28
 Stab: Sleeping          |       |     3 |       |     1 ||     4
Armor: Robe              |     6 |     7 |    12 |    15 ||    40
Dodge: Dodged            |    16 |    55 |    71 |    60 ||   202
Block: Other             |       |     8 |    11 |       ||    19
       Buckler           |       |       |    30 |    56 ||    86
       Reflection        |       |       |     4 |     7 ||    11
